AoeStats
← Marashlikof

Lombardia

507528967Analyzed
3v3 RM · 13d ago on Sep 18, 2026· 42m 8s· 6 players
Game mode
Random Map
Map size
Normal (6 player)
Population
200
Speed
Normal
Resources
Standard
Victory
Conquest
Starting age
Dark Age
Ending age
Imperial Age
RankedLock teamsTeams togetherTeam positionsShared explorationLock speedFull tech treeHidden civsTurbo modeCheats
Victory
Defeat
🇪🇸 Britons · Spain
1520
+13
🇹🇷 Celts · Türkiye
1494
+14
🇩🇪 Persians · Germany
1476
+14
🇹🇼 Khmer · Taiwan
1497
-16
🇹🇼 Celts · Taiwan
1437
-13
🇹🇼 Mongols · Taiwan
1394
-12
jimmygun827
6:57 Loom
9:38 Feudal Age
10:33 Double-Bit Axe
12:59 Wheelbarrow
14:36 Forging
15:12 Scale Barding Armor
20:47 Castle Age
18:46 Gold Mining
19:43 Forging
21:27 Bloodlines
21:43 Bow Saw
20:56 Light Cavalry
21:36 Husbandry
24:59 Chain Barding Armor
29:17 Horse Collar
31:57 Stone Mining
32:57 Hand Cart
32:30 Town Watch
37:59 Imperial Age
36:52 Iron Casting
37:46 Tusk Swords
39:27 Plate Barding Armor
39:10 Elite Battle Elephant
yunsung621
8:45 Loom
10:30 Feudal Age
15:21 Castle Age
17:12 Double-Bit Axe
19:56 Fletching
23:40 Bodkin Arrow
25:24 Husbandry
26:56 Bloodlines
28:01 Padded Archer Armor
31:23 Leather Archer Armor
32:40 Ballistics
33:22 Wheelbarrow
37:41 Imperial Age
36:18 Hand Cart
36:22 Thumb Ring
39:09 Hand Cart
38:44 Town Watch
39:10 Bracer
42:25 Conscription
b95303076
7:09 Loom
9:45 Feudal Age
10:24 Double-Bit Axe
13:22 Horse Collar
15:24 Fletching
22:47 Castle Age
21:38 Gold Mining
23:06 Crossbowman
26:14 Bow Saw
26:42 Wheelbarrow
26:32 Heavy Plow
26:34 Stone Mining
27:50 Bodkin Arrow
28:48 Scale Mail Armor
32:03 Chain Mail Armor
32:18 Hand Cart
32:44 Forging
35:05 Iron Casting
42:24 Imperial Age
hermelin*?
7:42 Loom
9:41 Feudal Age
12:11 Double-Bit Axe
14:37 Forging
19:58 Castle Age
18:26 Scale Barding Armor
19:48 Gold Mining
20:22 Bloodlines
19:45 Light Cavalry
21:06 Husbandry
22:50 Wheelbarrow
22:43 Town Watch
25:05 Hand Cart
25:28 Bow Saw
26:47 Chain Barding Armor
29:21 Iron Casting
36:40 Imperial Age
36:13 Stone Mining
36:58 Gold Shaft Mining
36:18 Cavalier
37:35 Plate Barding Armor
38:00 Blast Furnace
39:15 Savar
Marashlikof
11:32 Feudal Age
11:32 Loom
11:38 Loom
15:24 Castle Age
13:16 Loom
13:23 Double-Bit Axe
13:18 Horse Collar
16:27 Bow Saw
20:51 Scale Mail Armor
23:27 Arson
24:39 Gambesons
27:41 Chain Mail Armor
31:09 Forging
32:58 Iron Casting
35:07 Wheelbarrow
34:23 Town Watch
37:39 Fletching
42:06 Imperial Age
41:06 Sanctity
41:04 Hand Cart
[BF] Emgo Pceyan
6:31 Loom
9:25 Feudal Age
10:03 Double-Bit Axe
11:26 Horse Collar
11:56 Town Watch
15:54 Fletching
18:24 Gold Mining
23:46 Castle Age
23:08 Padded Archer Armor
23:53 Crossbowman
24:46 Bodkin Arrow
25:14 Bow Saw
27:06 Ballistics
29:55 Wheelbarrow
32:53 Town Patrol
33:21 Hand Cart
33:16 Heavy Plow
40:29 Imperial Age
38:56 Town Patrol
40:00 Yeomen
41:19 Gold Shaft Mining
40:37 Arbalester
42:52 Chemistry
42:38 Bracer
42:54 Leather Archer Armor
Connection lost

Rejoining the realm…

Still unreachable

The connection could not be restored.

Session expired

The server has moved on; the page needs a fresh start.